 Dungeon Crawl Stone Soup version 0.27-a0-1219-g958d993ae5 (webtiles) character file.

Game seed: 9551327927862914748

112 deadmanwalking the Conjurer (level 4, -1/24 HPs)
             Began as a Deep Elf Conjurer on June 6, 2021.
             Was an Initiate of Sif Muna.
             Slain by an orc
             ... wielding a +0 short sword
              (2 damage)
             ... on level 4 of the Dungeon.
             The game lasted 00:08:59 (3728 turns).

deadmanwalking the Conjurer (Deep Elf Conjurer)     Turns: 3728, Time: 00:08:59

Health: -1/24      AC:  3    Str:  4    XL:     4   Next: 64%
Magic:  6/13       EV: 12    Int: 24    God:    Sif Muna [......]
Gold:   96         SH:  0    Dex: 13    Spells: 5/13 levels left

rFire    . . .     SeeInvis .   a - +0 dagger
rCold    . . .     Faith    .   (no shield)
rNeg     . . .     Spirit   .   h - +0 robe
rPois    .         Reflect  .   q - +0 helmet
rElec    .         Harm     .   (no cloak)
rCorr    +         Rampage  .   (no gloves)
Will     .....                  (no boots)
Stlth    +.........             (no amulet)
HPRegen  0.08/turn              k - ring of resist corrosion
MPRegen  0.13/turn              (no ring)

@: confused
A: no striking features
a: Renounce Religion


You were on level 4 of the Dungeon.
You worshipped Sif Muna.
Sif Muna was noncommittal.
You visited 1 branch of the dungeon, and saw 4 of its levels.

You collected 96 gold pieces.

Inventory:

Hand Weapons
 a - a +0 dagger (weapon)
 b - a +0 hunting sling
 p - a +0 dagger of distortion
Missiles
 c - 64 stones
 d - 40 bolts
 g - 2 curare-tipped darts
 l - 33 arrows
Armour
 h - a +0 robe (worn)
 q - a +0 helmet (worn)
Jewellery
 k - a ring of resist corrosion (left hand)
Wands
 n - a wand of digging (4)
Potions
 e - 2 potions of resistance {unknown}
 f - 2 potions of haste {unknown}
 i - 3 potions of curing {unknown}
 j - a potion of lignification {unknown}
 m - 3 potions of flight {unknown}
 o - a potion of heal wounds


   Skills:
 - Level 2.4 Dodging
 - Level 2.4 Stealth
 + Level 5.0 Spellcasting
 + Level 5.5 Conjurations
 + Level 1.2 Hexes
 + Level 0.1 Necromancy
 + Level 0.0 Invocations


You had 5 spell levels left.
You knew the following spells:

 Your Spells              Type           Power      Damage    Failure   Level
a - Magic Dart            Conj           100%       1d8       1%          1
b - Searing Ray           Conj           64%        3d5       1%          2
c - Fulminant Prism       Conj/Hex       11%        3d9       22%         4
d - Pain                  Necr           24%        1d5       9%          1

Your spell library contained the following spells:

 Spells                   Type           Power      Damage    Failure   Level
 Dazzling Flash           Conj/Hex       44%        N/A       6%          3
 Iskenderun's Mystic Bla  Conj/Tloc      19%        2d6       28%         4


Dungeon Overview and Level Annotations

Branches:
Dungeon (4/15)
 Temple: D:4-7

Altars:
Nemelex Xobeh
Sif Muna
Trog

Annotations:
D:4 Sigmund


Message History

You kill the kobold!
Sif Muna accepts your kill.
The magic dart hits the hobgoblin.
The hobgoblin is moderately wounded.
The magic dart hits the hobgoblin but does no damage.
The hobgoblin is moderately wounded.
An orc comes into view. It is wielding a +0 short sword.
The magic dart hits the hobgoblin!
You kill the hobgoblin!
Sif Muna accepts your kill.
The orc shouts!
You hear a shout!
The orc wizard gestures at you while chanting.
You resist with some effort.
The magic dart hits the orc wizard but does no damage.
The orc wizard mumbles some strange words.
The orc wizard flickers and vanishes!
Deactivating autopickup; reactivate with Ctrl-A.
The magic dart hits the orc.
The orc is lightly wounded.
Sigmund the Dreaded comes into view.
He is wielding a +0 scythe and wearing a +1 robe of resistance.
You hear some strange, mumbled words.
You are confused.
In your confused state, you trip and fall back down the stairs.
Something hits you. Something hits you.
In your confused state, you trip and fall back down the stairs.
The orc hits you with a +0 short sword. Something hits you. The orc misses you.
Something hits you.
* * * LOW HITPOINT WARNING * * *
In your confused state, you trip and fall back down the stairs.
* * * LOW HITPOINT WARNING * * *
Sigmund points at you and mumbles some strange words.
The orc hits you with a +0 short sword.
* * * LOW HITPOINT WARNING * * *
Something hits you.
* * * LOW HITPOINT WARNING * * *
Unknown command.
Sigmund mumbles some strange words.
Sigmund flickers and vanishes!
The orc hits you with a +0 short sword.
You die...

.# < .# .# # .#
[.#
#.###.##..##
.###.#....?....
....$......(.#
.###..).o{...#
.......@{....#
####.###.#####
... .....
####.# #


You could see an orc.

Vanquished Creatures
  An adder (D:2)
  A gnoll (D:3)
  A white imp (D:3)
  4 worms (D:2)
  A dart slug (D:2)
  6 orcs (D:3)
  4 bats
  4 endoplasms
  4 giant cockroaches
  5 goblins
  5 hobgoblins
  5 jackals (D:1)
  2 quokkas (D:3)
  5 ball pythons
  4 frilled lizards
  6 kobolds
  3 rats
61 creatures vanquished.

Notes
Turn   | Place    | Note
-------+----------+-------------------------------------------
     0 | D:1      | deadmanwalking the Deep Elf Conjurer began the quest for
                  | the Orb.
     0 | D:1      | Reached XP level 1. HP: 10/10 MP: 6/6
   417 | D:1      | Reached XP level 2. HP: 15/15 MP: 5/8
   421 | D:1      | Learned a level 2 spell: Searing Ray
   608 | D:1      | Found a faded altar of an unknown god.
  1340 | D:2      | Reached skill level 5 in Conjurations
  1340 | D:2      | Reached XP level 3. HP: 19/19 MP: 6/10
  2521 | D:3      | Reached XP level 4. HP: 24/24 MP: 9/12
  2579 | D:3      | Learned a level 4 spell: Fulminant Prism
  2772 | D:3      | Found a sparkling altar of Nemelex Xobeh.
  3029 | D:3      | Reached skill level 1 in Hexes
  3062 | D:3      | Found a bloodstained altar of Trog.
  3074 | D:3      | Found a shimmering blue altar of Sif Muna.
  3080 | D:3      | Reached skill level 5 in Spellcasting
  3082 | D:3      | Identified Sif Muna's Compendium of Necromancy
  3085 | D:3      | Became a worshipper of Sif Muna the Loreminder
  3088 | D:3      | Learned a level 1 spell: Pain
  3634 | D:4      | Noticed an ice beast
  3721 | D:4      | Noticed Sigmund
  3727 | D:4      | HP: 1/24 [something (4)]
  3728 | D:4      | Slain by an orc

Illustrated notes

Levels and vault maps discovered:
D:1:      dpeg_arrival_rhombi, layout_basic,
          ebering_ecumenical_altar_sacrificial
D:2:      layout_loops_corners
D:3:      layout_loops_ring, nemelex_diamond_rough_becter,
          nzn_overflow_gifts_of_might_and_magic, grunt_decor_arrowhead
D:4:      layout_loops_ring, corexii_checkpoint_a,
          minmay_fractal_squares_diagonal_5, uniq_sigmund, uniq_ijyb

Skill      XL: |  1  2  3  4 |
---------------+-------------+-----
Spellcasting   | 4 5 |  5.0
Conjurations   | 5 |  5.5
Hexes          | 1 |  1.2
Dodging        | |  2.4
Stealth        | |  2.4
Necromancy     | |  0.1

Action                   |  1- 3 |  4- 6 || total
-------------------------+-------+-------++-------
Melee: Unarmed           |     2 |       ||     2
 Cast: Magic Dart        |    86 |    46 ||   132
       Searing Ray       |       |     1 ||     1
  Use: Scroll            |     2 |     1 ||     3
Armor: Robe              |     1 |     1 ||     2
Dodge: Dodged            |     7 |     5 ||    12

Table legend: (Time is in decaauts)
 A = Elapsed time spent in this place.
 B = Non-inter-level travel time spent in this place.
 C = Inter-level travel time spent in this place.
 D = Time resting spent in this place.
 E = Time spent auto-exploring this place.
 F = Levels seen in this place.
 G = Mean time per level.
                   A        B        C        D        E       F      G
               +--------+--------+--------+--------+--------+-----+--------+
         Total |   3731 |   3334 |    397 |     76 |   2952 |   4 |  932.8 |
       Dungeon |   3731 |   3334 |    397 |     76 |   2952 |   4 |  932.8 |
               +--------+--------+--------+--------+--------+-----+--------+

Top non-repeatable levels by time:
     D:2: 1423 daAuts
     D:3: 1210 daAuts
     D:1: 1077 daAuts
     D:4: 19 daAuts
